 Dungeon Crawl Stone Soup version 0.30.0-18-gc0e69614cb (webtiles) character file.

Game seed: 18192791748896707860

11 sampeng1 the Trooper (level 2, 0/24 HPs)
             Began as a Human Chaos Knight on May 25, 2023.
             Was a Plaything of Xom.
             Slain by a quasit (1 damage)
             ... summoned by Xom
             ... on level 1 of the Dungeon.
             The game lasted 00:01:14 (245 turns).

sampeng1 the Trooper (Human Chaos Knight)            Turns: 245, Time: 00:01:14

Health: 0/24       AC:  6    Str: 12      XL:     2   Next: 40%
Magic:  2/2        EV:  8    Int: 12      God:    Xom [....*.]
Gold:   33         SH:  0    Dex:  6 (12) Spells: 1/1 levels left

rFire   . . .        a - +0 hand axe (chaos)
rCold   . . .        (no shield)
rNeg    . . .        f - +0 scale mail
rPois   .            (no helmet)
rElec   .            (no cloak)
rCorr   .            (no gloves)
SInv    .            (no boots)
Will    .....        (no amulet) Stlth
                     (no ring)
HPRegen 0.24/turn    (no ring)
MPRegen 0.08/turn

%: no passive effects
@: no status effects
A: no striking features
a: Renounce Religion


You were on level 1 of the Dungeon.
You worshipped Xom.
You were a beloved toy of Xom.
You visited 1 branch of the dungeon, and saw 1 of its levels.

You collected 33 gold pieces.

Inventory:

Hand Weapons
 a - a +0 hand axe of chaos (weapon)
 h - a +1 spear of freezing
Armour
 b - a +2 leather armour
 f - a +0 scale mail (worn)
Scrolls
 d - a scroll of poison {unknown}
Potions
 e - a potion of brilliance {unknown}
 g - a potion of heal wounds {unknown}
Miscellaneous
 c - a piece from Xom's chessboard (15/15) (quivered)


   Skills:
 + Level 3.1 Fighting
 + Level 3.1 Axes
 + Level 2.2 Armour
 + Level 1.3 Dodging


You had one spell level left.
You didn't know any spells.
Your spell library was empty.

Dungeon Overview and Level Annotations

Branches:
Dungeon (1/15)

Altars:


Message History

The quasit is lightly wounded.
The quasit closely misses you.
The quasit claws you but does no damage. x2
You miss the quasit.
The quasit is lightly wounded.
The quasit bites you but does no damage.
The quasit claws you but does no damage.
The quasit misses you.
You hit the quasit but do no damage.
The quasit goes berserk!
Xom thinks this is hilarious!
The quasit is lightly wounded.
The quasit closely misses you. The quasit claws you.
* * * LOW HITPOINT WARNING * * *
The quasit claws you but does no damage.
The quasit closely misses you. The quasit barely misses you.
The quasit closely misses you. x2
The quasit claws you but does no damage.
The quasit claws you.
* * * LOW HITPOINT WARNING * * *
You feel clumsy.
You closely miss the quasit.
The quasit is lightly wounded.
The quasit bites you but does no damage.
The quasit closely misses you.
The quasit claws you but does no damage.
The quasit bites you but does no damage.
The quasit claws you but does no damage.
The quasit claws you.
* * * LOW HITPOINT WARNING * * *
You feel clumsy.
You completely miss the quasit.
The quasit is lightly wounded.
The quasit bites you but does no damage.
The quasit claws you.
* * * LOW HITPOINT WARNING * * *
The quasit claws you.
* * * LOW HITPOINT WARNING * * *
The quasit bites you.
You die...
Xom yawns loudly!

#.# ######.#
#. #.# #.# #.
#.# #.# #. ..
#.#
###########.#
#...........#
#.###########
#.# #@# #5#
#.# #.# ...
#.. ..## ###


You could see a quasit (summoned, berserk).

Vanquished Creatures
  A goblin (D:1)
  5 hobgoblins (D:1)
  A quokka (D:1)
  A bat (D:1)
  A frilled lizard (D:1)
  A kobold (D:1)
10 creatures vanquished.

Vanquished Creatures (others)
  A hobgoblin zombie (D:1)
1 creature vanquished.

Grand Total: 11 creatures vanquished

Notes
Turn   | Place    | Note
-------+----------+-------------------------------------------
     0 | D:1      | sampeng1 the Human Chaos Knight began the quest for the
                  | Orb.
     0 | D:1      | Reached XP level 1. HP: 18/18 MP: 1/1
    80 | D:1      | XOM: potion effect (brilliance)
   120 | D:1      | XOM: butterfly on damage
   130 | D:1      | Reached XP level 2. HP: 16/24 MP: 2/2
   217 | D:1      | XOM: summons 2 hostile demons
   218 | D:1      | Noticed a quasit
   245 | D:1      | HP: 1/24 [quasit[Xom] (1)]
   245 | D:1      | Slain by a quasit

Illustrated notes

Levels and vault maps discovered:
D:1:      lightli_molten_gateway, layout_loops_ring, nrook_mini_vaults

Action                     || total
---------------------------++-------
  Melee: Hand axe          ||    56
   Stab: Petrifying        ||     1
 Armour: Leather armour    ||     4
         Scale mail        ||    80
  Dodge: Dodged            ||    70
